 Dungeon Crawl Stone Soup version 0.29-a0-876-gfc89b1a5bd (webtiles) character file.

Game seed: 10944015892316551678

3952 buhh the Martial Artist (level 10, -13/103 (105) HPs)
             Began as a Meteoran Transmuter on July 19, 2022.
             Was a Follower of Cheibriados.
             Shot with an arrow by a centaur warrior (19 damage)
             ... on level 8 of the Dungeon.
             The game lasted 00:11:37 (3420 turns).

buhh the Martial Artist (Meteoran Transmuter)       Turns: 3420, Time: 00:11:37

HP:   -13/103 (105) AC:  7    Str: 16    XL:     10   Next: 72%
MP:   8/16          EV: 30    Int: 21    God:    Cheibriados [*.....]
Gold: 90            SH:  0    Dex: 18    Spells: 6/16 levels left

rFire   x . .      SeeInvis .     - Unarmed
rCold   + + +      Faith    .   (shield currently unavailable)
rNeg    . . .      Spirit   .   (body armour currently unavailable)
rPois   +          Reflect  .   (helmet currently unavailable)
rElec   .          Harm     .   (cloak currently unavailable)
rCorr   .          Rampage  .   (gloves currently unavailable)
Will    +....                   (boots currently unavailable)
Stlth   +.........              k - amulet of the acrobat
HPRegen 0.27/turn               (no ring)
MPRegen 0.15/turn               (no ring)

@: ice-form, acrobatic, very slightly contaminated, glowing, lightly drained,
very slow
A: freezing attack, amphibious, boosted hp, large, sense surroundings 2,
otherworldly, glowing, explore regen
a: End Transformation, Renounce Religion, Bend Time


You were on level 8 of the Dungeon.
You worshipped Cheibriados.
Cheibriados was aware of your devotion.
You were a creature of crystalline ice.
You visited 2 branches of the dungeon, and saw 9 of its levels.

You collected 260 gold pieces.
You spent 170 gold pieces at shops.

Inventory:

Missiles
 r - 3 throwing nets
 D - 11 poisoned darts
Armour
 b - a +0 robe
 o - the +1 leather armour "Mimilun" (melded) {Harm Slay+2}
   (You found it on level 3 of the Dungeon)

   Slay:      It affects your accuracy & damage with ranged weapons and melee
   (+2).
   Harm:      It increases damage dealt and taken.
 q - a +0 pair of gloves (melded)
 t - a +0 pair of boots (melded)
 G - a +0 cloak
 I - a +1 cloak (melded)
Magical Staves
 d - a staff of conjuration
 e - a staff of air
Jewellery
 k - an amulet of the acrobat (around neck)
 K - a ring of positive energy
Wands
 C - a wand of iceblast (1)
 H - a wand of mindburst (2)
Scrolls
 a - 2 scrolls of identify {!d}
 c - a scroll of teleportation {!d!d}
 f - 2 scrolls of fog
 g - 3 scrolls of amnesia
 l - 2 scrolls of immolation {!r}
 n - a scroll of brand weapon {unknown}
 B - 2 scrolls of blinking {unknown}
 E - a scroll of enchant armour {unknown}
 F - a scroll of vulnerability {unknown}
Potions
 h - 2 potions of berserk rage {unknown}
 i - a potion of mutation {unknown}
 j - a potion of cancellation {unknown}
 m - 2 potions of might {unknown}
 p - a potion of haste {unknown}
 s - a potion of resistance {!d}
 u - a potion of flight {unknown}
 v - 2 potions of curing {!d}
 w - a potion of heal wounds {!d}
 x - a potion of brilliance {unknown}
 y - a potion of magic {unknown}
 z - 2 potions of invisibility {unknown}
 A - a potion of degeneration {unknown}
Miscellaneous
 J - a box of beasts


   Skills:
 + Level 8.2 Fighting
 + Level 9.1 Dodging
 + Level 9.6 Unarmed Combat
 - Level 3.5 Spellcasting
 + Level 8.0 Transmutations
 - Level 1.0 Poison Magic


You had 6 spell levels left.
You knew the following spells:

 Your Spells              Type           Power      Damage    Failure   Level
a - Beastly Appendage     Tmut           74%        N/A       1%          1
b - Wereblood             Tmut           37%        N/A       1%          2
c - Spider Form           Tmut/Pois      22%        N/A       6%          3
d - Ice Form              Ice/Tmut       20%        N/A       24%         4

Your spell library contained the following spells:

 Spells                   Type           Power      Damage    Failure   Level
 Apportation              Tloc           6%         N/A       13%         1
 Necrotise                Necr           12%        1d4       13%         1
 Summon Small Mammal      Summ           12%        N/A       13%         1
 Gell's Gravitas          Tloc           3%         N/A       36%         3
 Teleport Other           Tloc           3%         N/A       36%         3
 Fireball                 Conj/Fire      1%         3d3       98%         5
 Dispersal                Tloc           1%         N/A       100%        6
 Starburst                Conj/Fire      1%         6d3       100%        6
 Ignition                 Fire           1%         3d3       100%        8


Dungeon Overview and Level Annotations

Branches:
Dungeon (8/15) Zot: 2453   Temple (1/1) D:6 Zot: 819
   Lair: D:8-11

Altars:
Ashenzari
Cheibriados
Elyvilon
Kikubaaqudgha
Makhleb
Nemelex Xobeh
Okawaru
Qazlal
Ru
Sif Muna
Trog
Vehumet
Wu Jian
Xom
Yredelemnul
Zin

Shops:
D:4 (   D:5 *?(


Innate Abilities, Weirdness & Mutations

You are a creature of crystalline ice.
You have a powerful freezing melee attack.
You are amphibious.
Your maximum health is increased.
Your armour is entirely melded.
You are incapable of wielding weapons or throwing items.
You passively map the area around you.
You are easily found by Zot.
You glow in the dark.
You regain HP and MP as you explore.


Message History

Cheibriados appreciates the change of pace.
Your Transmutations skill increases to level 8!
No target in view!
You warm up again.
Your +1 cloak unmelds from your body.
Your +0 pair of gloves unmelds from your body.
Your +0 pair of boots unmelds from your body.
The +1 leather armour "Mimilun" {Harm Slay+2} unmelds from your body.
Things that are here:
a +0 short sword; a +0 robe
Things that are here:
a +5 mace; a +0 robe
Things that are here:
a +3 spear; a +0 robe You see here a +0 robe.
You see here a +0 rapier.
You see here a +0 rapier.
You see here a +0 robe.
A centaur warrior comes into view.
The centaur warrior wields a +0 shortbow of flaming.
It bursts into flame!
The centaur warrior shoots an arrow.
The arrow hits you! The arrow burns you.
You miscast Ice Form.
You are very lightly contaminated with residual magic.
Nothing appears to happen.
The centaur warrior shoots an arrow.
The arrow hits you!! The arrow burns you.
Casting: Ice Form (dangerous; 30% risk of failure)
Press: ? - help, Q - select action, (/) - cycle Dir - look around, f - activate You turn into a creature of crystalline ice.
Your +1 cloak melds into your body.
Your +0 pair of gloves melds into your body.
Your +0 pair of boots melds into your body.
The +1 leather armour "Mimilun" {Harm Slay+2} melds into your body.
The centaur warrior shoots an arrow.
The arrow hits you! The arrow melts you.
The centaur warrior shoots an arrow.
The arrow misses you.
The centaur warrior shoots an arrow.
The arrow closely misses you.
The centaur warrior shoots an arrow.
The arrow hits you!!
* * * LOW HITPOINT WARNING * * *
The arrow melts you!!
You die...

..###..........)## #.#
#....
..#......####....###.#
#.###
.##.........##..#..).###
#.#
.#...###.....#..##.....###
#.##
.#...#...##..#...#.......##
#..#
.#...#....#..#...#..####..#
##.## .#.............#c#.##
##.# ##.#
...#..#....#...#.#.# #.#
#.. ...#..##...#...#Y#.#
##.# ###
...#.....###...#...# #..#
#..##.........##...#
#..#####
....####......#...##
#......###
............###...##
#......[)#
........#####......#*
#########.
.................... ##
..†#.......##..####. * #
...#.......##### #, ,


You could see a centaur warrior.

Vanquished Creatures
  A centaur warrior (D:8)
  An ugly thing (D:8)
  A gargoyle (D:8)
  Maggie (D:7)
  A steam dragon (D:6)
  A vampire mosquito (D:8)
  2 ice beasts (D:6)
  2 black bears
  3 orc warriors
  A phantom (D:7)
  2 scorpions
  3 bullfrogs
  5 wights (D:8)
  5 killer bees (D:8)
  3 howler monkeys
  4 hounds
  An orc priest (D:5)
  A gnoll bouda (D:4)
  2 iguanas
  Terence (D:2)
  2 orc wizards
  9 gnolls (D:4)
  5 adders
  An ufetubus (D:6)
  A worm (D:2)
  3 dart slugs
  28 orcs
  7 ball pythons
  3 bats
  3 endoplasms
  8 giant cockroaches
  6 goblins
  3 hobgoblins
  4 jackals (D:1)
  4 quokkas
  2 frilled lizards
  5 kobolds
  2 rats
137 creatures vanquished.

Vanquished Creatures (others)
  An orc wizard (D:8)
1 creature vanquished.

Grand Total: 138 creatures vanquished

Notes
Turn   | Place    | Note
-------+----------+-------------------------------------------
     0 | D:1      | buhh the Meteoran Transmuter began the quest for the Orb.
     0 | D:1      | Reached XP level 1. HP: 16/16 MP: 5/5
   100 | D:1      | Reached XP level 2. HP: 22/23 MP: 4/6
   378 | D:1      | Reached XP level 3. HP: 23/28 MP: 6/8
   432 | D:2      | Noticed Terence
   443 | D:2      | Killed Terence
   444 | D:2      | Reached XP level 4. HP: 15/36 MP: 9/9
   927 | D:2      | You fall into a shaft and drop 1 floor!
  1001 | D:3      | Identified the +1 leather armour "Mimilun" {Harm Slay+2}
  1055 | D:2      | Reached XP level 5. HP: 41/41 MP: 9/11
  1103 | D:3      | Found a sacrificial altar of Ru.
  1103 | D:3      | Found a broken altar of Ashenzari.
  1105 | D:3      | Found an ancient bone altar of Kikubaaqudgha.
  1105 | D:3      | Found a burning altar of Makhleb.
  1106 | D:3      | Found an iron altar of Okawaru.
  1107 | D:3      | Found a basalt altar of Yredelemnul.
  1107 | D:3      | Found a stormy altar of Qazlal.
  1227 | D:3      | Noticed an ice beast
  1246 | D:4      | Learned a level 2 spell: Wereblood
  1250 | D:4      | Learned a level 3 spell: Spider Form
  1255 | D:4      | Learned a level 4 spell: Ice Form
  1406 | D:4      | Reached XP level 6. HP: 39/50 MP: 12/12
  1415 | D:4      | Reached skill level 5 in Unarmed Combat
  1567 | D:4      | Found a shimmering altar of Xom.
  1586 | D:4      | Noticed a black bear
  1594 | D:4      | Killed a black bear
  1595 | D:4      | Reached XP level 7. HP: 40/58 MP: 11/13
  1637 | D:4      | Reached skill level 5 in Dodging
  1752 | D:4      | Found Yrhain's Weapon Shoppe.
  1812 | D:5      | Entered Level 5 of the Dungeon
  1812 | D:5      | Found Ytoas's Assorted Antiques.
  1825 | D:5      | Bought a bubbling green potion for 27 gold pieces
  1825 | D:5      | Bought a smoky orange potion for 27 gold pieces
  1825 | D:5      | Bought a scroll labelled NEDA JIUHOI for 30 gold pieces
  1825 | D:5      | Bought a scroll labelled SEUPHO XEEZAE for 30 gold pieces
  1825 | D:5      | Bought a scroll labelled XEWNOF BEMAC for 30 gold pieces
  1874 | D:5      | Found Hoistruk's Magic Scroll Shop.
  1881 | D:5      | Found Yxzomato's Weapon Boutique.
  1891 | D:5      | Bought a scroll of identify for 26 gold pieces
  1925 | D:5      | Noticed a steam dragon
  2034 | D:6      | Noticed a steam dragon
  2126 | D:6      | Reached XP level 8. HP: 52/67 MP: 11/14
  2148 | D:6      | Reached skill level 1 in Poison Magic
  2162 | D:6      | Reached skill level 5 in Fighting
  2182 | D:6      | Found a staircase to the Ecumenical Temple.
  2194 | Temple   | Entered the Ecumenical Temple
  2237 | Temple   | Became a worshipper of Cheibriados the Contemplative
  2271 | D:6      | Identified the +12 quarterstaff "Affank" {vorpal, rF+}
  2309 | D:6      | Killed a steam dragon
  2320 | D:6      | Gained mutation: You passively map the area around you.
                  | [Meteoran growth]
  2320 | D:6      | Reached XP level 9. HP: 18/75 MP: 15/15
  2339 | D:6      | Reached skill level 5 in Transmutations
  2828 | D:7      | Noticed Maggie
  2833 | D:7      | Killed Maggie
  3030 | D:8      | Found a sparkling altar of Nemelex Xobeh.
  3043 | D:8      | Reached * piety under Cheibriados
  3122 | D:8      | Noticed a white ugly thing
  3122 | D:8      | Noticed a gargoyle
  3122 | D:8      | Noticed a centaur warrior
  3139 | D:8      | Killed a white ugly thing
  3140 | D:8      | Reached XP level 10. HP: 38/86 MP: 13/16
  3179 | D:8      | Killed a gargoyle
  3201 | D:8      | Killed a centaur warrior
  3416 | D:8      | Noticed a centaur warrior
  3420 | D:8      | Shot with an arrow by a centaur warrior

Illustrated notes

Levels and vault maps discovered:
D:1:      amcnicky_arrival_flooded_fountain, layout_basic
D:2:      layout_basic, serial_glass, glass_columns_b, glass_columns_a,
          uniq_terence
D:3:      layout_rooms, grunt_temple_overflow_open
D:4:      layout_loops_ring, brannock_xom_greatest_gift, serial_shops,
          nicolae_shop_stone, chequers_serial_rivers_large_a
D:5:      layout_cave_pools, serial_shops, nicolae_shop_hallway_stairs,
          nicolae_shop_bloodbath_and_beyond, shop, corexii_leaking_fountain,
          eino_tiny_chamber, chequers_serial_rivers_micro_b,
          chequers_serial_rivers_micro_e, nicolae_fountain_basement
D:6:      layout_rooms, minmay_temple_entry_ruins
D:7:      layout_basic, dk_rats_in_the_wall, uniq_maggie
D:8:      minmay_blocky_corners, layout_layer_cave, lemuel_crystal_altar,
          minmay_radiant
Temple:   jpeg_temple_clearing

Skill      XL: |  1  2  3  4  5  6  7  8  9 10 |
---------------+-------------------------------+-----
Spellcasting   | 3 |  3.5
Dodging        | 3 4 5 6 7 9 |  9.1
Unarmed Combat | 4 5 6 7 8 9 |  9.6
Transmutations | 3 4 6 8 |  8.0
Fighting       | 2 3 4 5 7 8 |  8.2
Poison Magic   | 1 |  1.0

Action                   |  1- 3 |  4- 6 |  7- 9 | 10-12 || total
-------------------------+-------+-------+-------+-------++-------
Melee: Unarmed           |    55 |    98 |   147 |    47 ||   347
       Kick              |     8 |    25 |    14 |       ||    47
       Headbutt          |     3 |    11 |     7 |       ||    21
       Punch             |     2 |     2 |     3 |       ||     7
 Cast: Beastly Appendage |    11 |    20 |     8 |       ||    39
       Wereblood         |       |     1 |     3 |     2 ||     6
       Spider Form       |       |       |    13 |     1 ||    14
       Ice Form          |       |       |     1 |     3 ||     4
 Abil: End Transformatio |       |       |       |     1 ||     1
Evoke: Wand              |       |       |     5 |       ||     5
  Use: Potion            |     3 |       |     5 |     2 ||    10
       Scroll            |       |       |     7 |       ||     7
Armor: Robe              |     6 |     2 |       |       ||     8
       Skin              |     7 |     1 |    16 |    16 ||    40
       Leather armour    |       |    19 |    15 |       ||    34
Dodge: Dodged            |    25 |    65 |   140 |    45 ||   275

Table legend: (Time is in decaauts)
 A = Elapsed time spent in this place.
 B = Non-inter-level travel time spent in this place.
 C = Inter-level travel time spent in this place.
 D = Time resting spent in this place.
 E = Time spent auto-exploring this place.
 F = Levels seen in this place.
 G = Mean time per level.
                   A        B        C        D        E       F      G
               +--------+--------+--------+--------+--------+-----+--------+
         Total |   3718 |   3629 |     89 |     62 |   1557 |   9 |  413.1 |
       Dungeon |   3659 |   3570 |     89 |     62 |   1557 |   8 |  457.4 |
        Temple |     59 |     59 |      0 |      0 |      0 |   1 |   59.0 |
               +--------+--------+--------+--------+--------+-----+--------+

Top non-repeatable levels by time:
     D:7: 772 daAuts
     D:1: 653 daAuts
     D:4: 537 daAuts
     D:8: 525 daAuts
     D:2: 312 daAuts
     D:3: 293 daAuts
     D:5: 284 daAuts
     D:6: 279 daAuts
  Temple: 59 daAuts
